 Dungeon Crawl Stone Soup version 0.27.1-1-g398f81649c (webtiles) character file.

Game seed: 12896189876697301426

1134 ABBCCCDDDD the Skirmisher (level 8, -1/60 HPs)
             Began as an Octopode Monk on Sept 20, 2021.
             Was an Elder of Kikubaaqudgha.
             Slain by Pikel (6 damage)
             ... on level 6 of the Dungeon.
             The game lasted 00:06:21 (6198 turns).

ABBCCCDDDD the Skirmisher (Octopode Monk)           Turns: 6198, Time: 00:06:22

Health: -1/60      AC:  3    Str: 10    XL:     8   Next: 36%
Magic:  8/8        EV: 14    Int: 14    God:    Kikubaaqudgha [****..]
Gold:   265        SH:  0    Dex: 15    Spells: 7/7 levels left

rFire    . . .     SeeInvis .     - Unarmed
rCold    . . .     Faith    .   (no shield)
rNeg     . . .     Spirit   .   g - +2 hat
rPois    .         Reflect  .   (no amulet)
rElec    .         Harm     .   (no ring)
rCorr    .         Rampage  .   (no ring)
Will     .....                  (no ring)
Stlth    +++.......             (no ring)
HPRegen  0.20/turn              (no ring)
MPRegen  0.11/turn              (no ring)
                                (no ring)
                                (no ring)

@: no status effects
A: almost no armour, amphibious, 8 rings, camouflage 1, gelatinous body 1,
(nimble swimmer 1), tentacles
a: Renounce Religion, Receive Corpses


You were on level 6 of the Dungeon.
You worshipped Kikubaaqudgha.
Kikubaaqudgha was greatly pleased with you.
You visited 1 branch of the dungeon, and saw 6 of its levels.

You collected 265 gold pieces.

Inventory:

Hand Weapons
 l - a +0 halberd of venom
Missiles
 e - 4 curare-tipped darts (quivered)
 r - 16 poisoned darts
Armour
 g - a +2 hat (worn)
Jewellery
 q - an amulet of faith
Wands
 m - a wand of polymorph (8)
 t - a wand of acid (8)
Scrolls
 a - 6 scrolls of identify {unknown}
 d - a scroll of noise {unknown}
 f - 3 scrolls of fear {unknown}
 h - 2 scrolls of fog {unknown}
 k - 3 scrolls of teleportation {unknown}
 n - a scroll of acquirement {unknown}
 o - a scroll of enchant weapon {unknown}
 s - 2 scrolls of immolation {unknown}
Potions
 b - a potion of cancellation {unknown}
 c - a potion of haste {unknown}
 i - a potion of brilliance {unknown}
 j - 2 potions of heal wounds {unknown}
 p - 3 potions of curing {unknown}


   Skills:
 + Level 7.3 Fighting
 - Level 3.0 Dodging
 - Level 2.6 Stealth
 + Level 7.3 Unarmed Combat
 * Level 1.4 Evocations


You had 7 spell levels left.
You didn't know any spells.
Your spell library contained the following spells:

 Spells                   Type           Power      Damage    Failure   Level
 Beastly Appendage        Tmut           0%         N/A       28%         1
 Pain                     Necr           0%         1d4       28%         1
 Corpse Rot               Necr/Air       N/A        N/A       41%         2
 Sublimation of Blood     Necr           0%         N/A       41%         2
 Wereblood                Tmut           0%         N/A       41%         2
 Dazzling Flash           Conj/Hex       0%         N/A       65%         3
 Gell's Gravitas          Tloc           0%         N/A       65%         3
 Lesser Beckoning         Tloc           0%         N/A       65%         3
 Spider Form              Tmut/Pois      0%         N/A       65%         3
 Teleport Other           Tloc           0%         N/A       65%         3
 Vampiric Draining        Necr           0%         2d6       65%         3
 Animate Dead             Necr           0%         N/A       96%         4
 Dispel Undead            Necr           0%         3d6       96%         4
 Iskenderun's Mystic Bla  Conj/Tloc      0%         2d3       96%         4
 Agony                    Necr           0%         N/A       100%        5
 Excruciating Wounds      Necr           0%         N/A       100%        5
 Dispersal                Tloc           0%         N/A       100%        6
 Simulacrum               Ice/Necr       0%         N/A       100%        6
 Starburst                Conj/Fire      0%         6d3       100%        6


Dungeon Overview and Level Annotations

Branches:
Dungeon (6/15)             Temple (0/1) D:6

Altars:
Cheibriados
Dithmenos
Fedhas
Kikubaaqudgha
Makhleb
Okawaru
Qazlal
Xom
Yredelemnul
The Shining One

Annotations:
D:4 exclusion: 2 wights
D:6 Pikel


Innate Abilities, Weirdness & Mutations

You cannot wear most types of armour.
You are amphibious.
You can wear up to eight rings at the same time.
Your skin changes colour to match your surroundings (Stealth+).
Your rubbery body absorbs attacks. (AC +1, EV +1)
((You are camouflaged near water. (Stealth+)))
You have tentacles for arms and can constrict up to eight enemies at once.


Message History

Pikel is severely wounded.
You constrict Pikel. You tentacle-slap Pikel. x2
Pikel is almost dead.
You constrict Pikel, but do no damage. Pikel barely misses you.
The kobold hits you with a +0 dagger.
The lemure shouts!
You tentacle-slap Pikel but do no damage.
You tentacle-slap Pikel, but do no damage.
Pikel is almost dead.
You constrict Pikel, but do no damage. The kobold closely misses you.
The kobold hits you with a +0 dagger. Pikel misses you.
You tentacle-slap Pikel but do no damage.
You tentacle-slap Pikel, but do no damage.
Pikel is almost dead.
You constrict Pikel.
Pikel is no longer moving slowly.
Pikel looks more healthy.
The kobold barely misses you. The kobold hits you with a +0 dagger.
You tentacle-slap Pikel but do no damage.
Pikel is almost dead.
You constrict Pikel, but do no damage.
Pikel hits you with a +1 whip of flaming.
* * * LOW HITPOINT WARNING * * *
Pikel burns you.
* * * LOW HITPOINT WARNING * * *
The kobold barely misses you. The kobold closely misses you.
You release your grip on Pikel.
The kobold hits you with a +0 dagger.
* * * LOW HITPOINT WARNING * * *
Throw: 5 darts (curare)
Press: ? - help, Q - select action, (/) - cycle Shift-Dir - straight line, f/p - Pikel
Aim: Pikel, wielding a +1 whip of flaming and wearing a +0 robe (almost dead, 55% to hit)
You throw a curare-tipped dart.
The curare-tipped dart barely misses Pikel.
The curare-tipped dart closely misses the kobold.
Pikel hits you with a +1 whip of flaming!
* * * LOW HITPOINT WARNING * * *
Pikel burns you.
You die...
Kikubaaqudgha rasps: "You have failed me!
Welcome... death!"

#.....### ##)).....#
#..).####... #...## ##
#....## #.....######
#........... #..#...#####
#.####@## ######## #.# #K#
##....... #.# #K##
#..#...#. .#
#.K#######........
##.....K##..##...#.
..######.....#.K5K.#......
...........######...######
....)....(.# ##........
..######..## #........


You could see Pikel and 2 kobolds.

Levels and vault maps discovered:
D:1:      minmay_arrival_widening_spiral_narrow, layout_loops_ring,
          basic_ecumenical_altar
D:2:      layout_loops_ring, uniq_sigmund
D:3:      cheibrodos_pilgrimage, layout_basic,
          grunt_temple_overflow_forces_of_nature,
          chequers_temple_overflow_statue_of_worship, serial_bayou_pond_b,
          chequers_serial_rivers_small_b, chequers_serial_rivers_micro_d
D:4:      minmay_angry_zag, layout_loops_ring, slow_altar_2, bloody_makhleb
D:5:      layout_rooms
D:6:      layout_layer_cave, lemuel_coloured_pillars_altar,
          mainiacjoe_overflow_concentric_impassable,
          minmay_temple_entry_offerings, uniq_menkaure, uniq_pikel

Notes
Turn   | Place    | Note
-------+----------+-------------------------------------------
     0 | D:1      | ABBCCCDDDD the Octopode Monk began the quest for the Orb.
     0 | D:1      | Reached XP level 1. HP: 16/16 MP: 1/1
   217 | D:1      | Found a faded altar of an unknown god.
   242 | D:1      | Became a worshipper of Kikubaaqudgha
   242 | D:1      | Reached * piety under Kikubaaqudgha
   242 | D:1      | Received a gift from Kikubaaqudgha
   242 | D:1      | Reached ** piety under Kikubaaqudgha
   430 | D:1      | Reached XP level 2. HP: 15/21 MP: 2/2
   788 | D:1      | Reached *** piety under Kikubaaqudgha
   788 | D:1      | Received a gift from Kikubaaqudgha
  1085 | D:2      | Reached XP level 3. HP: 18/26 MP: 3/3
  2184 | D:2      | Noticed Sigmund
  2197 | D:2      | Killed Sigmund
  2198 | D:2      | Reached XP level 4. HP: 28/34 MP: 4/4
  2198 | D:2      | Reached XP level 5. HP: 31/38 MP: 5/5
  2442 | D:3      | Reached skill level 5 in Unarmed Combat
  2646 | D:3      | You fall into a shaft and drop 1 floor!
  2651 | D:4      | Reached skill level 5 in Fighting
  2651 | D:4      | Reached XP level 6. HP: 39/45 MP: 6/6
  3190 | D:4      | Found a burning altar of Makhleb.
  3386 | D:4      | Reached XP level 7. HP: 43/51 MP: 7/7
  3648 | D:4      | Found a snail-covered altar of Cheibriados.
  3779 | D:4      | Reached **** piety under Kikubaaqudgha
  4234 | D:3      | Found a stormy altar of Qazlal.
  4257 | D:3      | Found a blossoming altar of Fedhas.
  4444 | D:3      | Found a shimmering altar of Xom.
  4444 | D:3      | Found an iron altar of Okawaru.
  4445 | D:3      | Found a basalt altar of Yredelemnul.
  4446 | D:3      | Found a glowing golden altar of the Shining One.
  5244 | D:5      | Entered Level 5 of the Dungeon
  5403 | D:5      | Reached XP level 8. HP: 60/60 MP: 8/8
  5700 | D:6      | Found a staircase to the Ecumenical Temple.
  6110 | D:6      | Found a shadowy altar of Dithmenos.
  6150 | D:6      | Noticed Pikel
  6163 | D:6      | Reached skill level 1 in Evocations
  6198 | D:6      | Slain by Pikel

Table legend: (Time is in decaauts)
 A = Elapsed time spent in this place.
 B = Non-inter-level travel time spent in this place.
 C = Inter-level travel time spent in this place.
 D = Time resting spent in this place.
 E = Time spent auto-exploring this place.
 F = Levels seen in this place.
 G = Mean time per level.
                   A        B        C        D        E       F      G
               +--------+--------+--------+--------+--------+-----+--------+
         Total |   6170 |   6093 |     77 |   1617 |   3554 |   6 | 1028.3 |
       Dungeon |   6170 |   6093 |     77 |   1617 |   3554 |   6 | 1028.3 |
               +--------+--------+--------+--------+--------+-----+--------+

Top non-repeatable levels by time:
     D:3: 1503 daAuts
     D:1: 1366 daAuts
     D:4: 1305 daAuts
     D:2: 1049 daAuts
     D:6: 493 daAuts
     D:5: 452 daAuts

Table legend:
 A = Kills in this place as a percentage of kills in entire the game.
 B = Kills by you in this place as a percentage of kills by you in the entire game.
 C = Kills by friends in this place as a percentage of kills by friends in the entire game.
 D = Other kills in this place as a percentage of other kills in the entire game.
 E = Experience gained in this place as a percentage of experience gained in the entire game.
 F = Experience gained in this place divided by the number of levels of this place that you have seen.
                   A       B       C       D       E      F
               +-------+-------+-------+-------+-------+----------------------
         Total | 100.0 | 100.0 |   N/A |   N/A | 100.0 | 270.0
       Dungeon | 100.0 | 100.0 |   N/A |   N/A | 100.0 | 270.0
               +-------+-------+-------+-------+-------+----------------------

Action                   |  1- 3 |  4- 6 |  7- 9 || total
-------------------------+-------+-------+-------++-------
Melee: Unarmed           |    93 |    47 |   139 ||   279
       Tentacles         |    13 |    11 |    33 ||    57
       Constrict         |    19 |     9 |    35 ||    63
       Punch             |     2 |     1 |    13 ||    16
Throw: Dart              |     1 |       |     5 ||     6
 Stab: Sleeping          |    14 |     4 |     4 ||    22
       Distracted        |       |       |     2 ||     2
Armor: Skin              |    12 |     2 |    11 ||    25
Dodge: Dodged            |    43 |    23 |    61 ||   127

Vanquished Creatures
  Sigmund (D:2)
  A necrophage (D:3)
  An ogre (D:5)
  A lemure (D:6)
  A phantom (D:4)
  A kobold brigand (D:6)
  4 scorpions
  2 jellies
  2 centaur skeletons (D:5)
  A bullfrog skeleton (D:4)
  An orc priest (D:3)
  An orc wizard (D:4)
  An iguana (D:5)
  A hound skeleton (D:5)
  4 gnolls (D:4)
  6 adders
  A worm (D:2)
  5 dart slugs
  15 orcs
  4 ball pythons
  4 endoplasms
  3 giant cockroaches
  9 goblins
  11 hobgoblins
  5 jackals
  9 kobolds
  A quokka (D:1)
  3 bats
  7 frilled lizards
  4 rats
110 creatures vanquished.

Vanquished Creatures (others)
  2 orcs (D:6)
  4 plants (D:3)
6 creatures vanquished.

Grand Total: 116 creatures vanquished
